 Dungeon Crawl Stone Soup version bcrawl-1.19.2-6-g6a88ae04c9 (webtiles) character file.

Game seed: 15870117193574737689

11 Jerej03 the Sneak (level 2, 0/20 HPs)
             Began as an Oni Conjurer on Jan 11, 2020.
             Slain by a jackal (2 damage)
             ... on level 1 of the Dungeon.
             The game lasted 00:02:15 (322 turns).

Jerej03 the Sneak (Oni Conjurer)                     Turns: 322, Time: 00:02:15

Health: 0/20       AC:  2    Str: 11    XL:     2   Next: 29%
Magic:  0/6        EV: 12    Int: 16    God:
Gold:   32         SH:  0    Dex: 11    Spells: 1/4 levels left

rFire    . . .     SeeInvis .   (no weapon)
rCold    . . .     Gourm    .   (no shield)
rNeg     . . .     Faith    .   a - +0 animal skin
rPois    .         Spirit   .   (helmet restricted)
rElec    .         Reflect  .   (no cloak)
rCorr    .         Harm     .   (no gloves)
MR       .....                  (no boots)
Stlth    ++........             (no amulet)
HPRegen  0.06/turn              (no ring)
MPRegen  0.10/turn              (no ring)

@: very slightly contaminated
A: oni magic, claws 1, fangs 1, horns 1
a: no special abilities


You were on level 1 of the Dungeon.
You were not hungry.

You visited 1 branch of the dungeon, and saw 1 of its levels.

You collected 32 gold pieces.

Inventory:

Missiles
 f - 145 stones (quivered)
Armour
 a - a +0 animal skin (worn)
Potions
 b - a potion of might {unknown}
 c - a potion of magic
 e - a potion of resistance {unknown}
Comestibles
 d - a ration {!d}


   Skills:
 + Level 0.2 Fighting
 + Level 1.8 Dodging
 + Level 2.2 Stealth
 + Level 1.6 Spellcasting
   Level 1.6 Conjurations
   Level 1.6 Hexes
   Level 1.6 Charms
   Level 1.6 Summonings
   Level 1.6 Necromancy
   Level 1.6 Translocations
   Level 1.6 Transmutations
   Level 1.6 Fire Magic
   Level 1.6 Ice Magic
   Level 1.6 Air Magic
   Level 1.6 Earth Magic
   Level 1.6 Poison Magic


You had one spell level left.
You knew the following spells:

 Your Spells              Type           Power        Failure   Level  Hunger
a - Magic Dart            Conj           #...         10%         1    ##.....
b - Searing Ray           Conj           #.......     16%         2    ###....

Your spell library contained the following spells:

 Spells                   Type           Power        Failure   Level  Hunger
 Sandblast                Erth           #.....       10%         1    ##.....
 Iskenderun's Mystic Bla  Conj           #.......     30%         3    ####...
 Fulminant Prism          Conj/Hex       #.........   73%         4    #####..
 Irradiate                Conj/Tmut      #.........   97%         5    ######.


Dungeon Overview and Level Annotations

Branches:
Dungeon (1/12)

Altars:


Innate Abilities, Weirdness & Mutations

You learn spells by gaining experience, not through books or religion.
You only train spellcasting to practice magic.
You have sharp fingernails.
You have very sharp teeth.
You have a pair of small horns on your head.


Message History

The bat closely misses you.
You scratch the bat but do no damage. You headbutt the bat.
You kill the bat!
The bat hits you but does no damage. The jackal misses you.
You scratch the jackal. You bite the jackal, but do no damage.
The jackal is heavily wounded.
The bat hits you but does no damage. The jackal bites you.
* * * LOW HITPOINT WARNING * * *
You closely miss the jackal. You headbutt the jackal.
You kill the jackal!
The bat hits you.
* * * LOW HITPOINT WARNING * * *
The jackal bites you.
* * * LOW HITPOINT WARNING * * *
You scratch the jackal but do no damage.
The jackal is moderately wounded.
The bat hits you.
* * * LOW HITPOINT WARNING * * *
The bat barely misses you. The jackal bites you.
You die...

...............[.##
......g.....(....##
..(................ #.
#.#....#######..
.##.##.#...## ##.
.......#.############ #
#. #........).^....
#...##.##s.....######...
#......@hh............#.
...##..b#......#########
##.........# ##.
...........# #####..
..###.......###†.....
.... .................
... #.....###...#####
... .###....... ....#.#


You could see 2 jackals, a giant cockroach and a bat.

Vanquished Creatures
  3 bats (D:1)
  2 goblins (D:1)
  2 jackals (D:1)
  2 kobolds (D:1)
9 creatures vanquished.

Notes
Turn   | Place    | Note
-------+----------+-------------------------------------------
     0 | D:1      | Jerej03 the Oni Conjurer began the quest for the Orb.
     0 | D:1      | Reached XP level 1. HP: 14/14 MP: 4/4
    40 | D:1      | Reached skill level 2 in Stealth
    89 | D:1      | Reached XP level 2. HP: 10/20 MP: 0/6
    93 | D:1      | Learned a level 2 spell: Searing Ray
   322 | D:1      | Slain by a jackal

Skill      XL: |  1 |
---------------+----+-----
Stealth        | 2 |  2.2
Fighting       | |  0.2
Dodging        | |  1.8
Spellcasting   | |  1.6
Conjurations   | |  1.6
Hexes          | |  1.6
Charms         | |  1.6
Summonings     | |  1.6
Necromancy     | |  1.6
Translocations | |  1.6
Transmutations | |  1.6
Fire Magic     | |  1.6
Ice Magic      | |  1.6
Air Magic      | |  1.6
Earth Magic    | |  1.6
Poison Magic   | |  1.6

Action                   || total
-------------------------++-------
Melee: Unarmed           ||    13
       Headbutt          ||     3
       Bite              ||     1
 Cast: Magic Dart        ||    19
Armor: Animal skin       ||    12
Dodge: Dodged            ||    40
